 Dungeon Crawl Stone Soup version 0.27.1-34-g3ba077fa99 (webtiles) character file.

Game seed: 18381094820130732781

17 cbfl8 the Sneak (level 2, -1/27 HPs)
             Began as a Minotaur Delver on Jan 16, 2022.
             Was an Initiate of Yredelemnul.
             Slain by a goblin (3 damage)
             ... on level 3 of the Dungeon.
             The game lasted 00:01:14 (403 turns).

cbfl8 the Sneak (Minotaur Delver)                    Turns: 403, Time: 00:01:15

Health: -1/27      AC:  3    Str: 16    XL:     2   Next: 44%
Magic:  1/1        EV: 11    Int:  7    God:    Yredelemnul [......]
Gold:   0          SH:  0    Dex: 11    Spells: 1/1 levels left

rFire    . . .     SeeInvis .   a - +0 hand axe
rCold    . . .     Faith    .   (no shield)
rNeg     . . .     Spirit   .   b - +0 leather armour
rPois    .         Reflect  .   (helmet restricted)
rElec    .         Harm     .   (no cloak)
rCorr    .         Rampage  .   (no gloves)
Will     .....                  (no boots)
Stlth    ++........             (no amulet)
HPRegen  0.09/turn              (no ring)
MPRegen  0.07/turn              (no ring)

@: no status effects
A: horns 2, retaliatory headbutt
a: Renounce Religion


You were on level 3 of the Dungeon.
You worshipped Yredelemnul.
Yredelemnul was noncommittal.
You visited 2 branches of the dungeon, and saw 4 of its levels.

Inventory:

Hand Weapons
 a - a +0 hand axe (weapon)
Armour
 b - a +0 leather armour (worn)
Wands
 g - a wand of digging (3)
Scrolls
 d - a scroll of magic mapping
Potions
 f - a potion of haste


   Skills:
 + Level 3.8 Fighting
 + Level 2.7 Axes
 + Level 2.2 Dodging
 + Level 4.4 Stealth


You had one spell level left.
You didn't know any spells.
Your spell library was empty.

Dungeon Overview and Level Annotations

Branches:
Dungeon (5/15)             Temple (1/1) D:4

Altars:
Cheibriados
Elyvilon
Okawaru
Ru
Sif Muna
Uskayaw
Yredelemnul
Zin

Shops:
D:5 [

Annotations:
D:4 Dowan


Innate Abilities, Weirdness & Mutations

You have a pair of horns on your head.
You reflexively headbutt those who attack you in melee.


Message History

A goblin is nearby!
A goblin is nearby!
A goblin comes into view. It is wielding a +0 club.
Found 3 javelins.
The goblin shouts!
You hear a shout!
A goblin comes into view. It is wielding a +0 club.
There is a stone staircase leading down here.
The goblin hits you but does no damage.
You climb downwards.
Level annotation: Dowan
There is a stone staircase leading up here.
The goblin barely misses you. Dowan hits you with a +0 dagger.
* * * LOW HITPOINT WARNING * * *
You climb upwards.
The goblin hits you with a +0 dagger.
* * * LOW HITPOINT WARNING * * *
The goblin barely misses you. You furiously retaliate!
You headbutt the goblin!
You kill the goblin!
Yredelemnul accepts your kill. The goblin closely misses you.
The goblin hits you with a +0 club.
* * * LOW HITPOINT WARNING * * *
There is a stone staircase leading down, spattered with blood here.
Unknown command.
As you read the scroll of fog, it crumbles to dust.
The scroll dissolves into smoke.
The goblin hits you with a +0 club.
* * * LOW HITPOINT WARNING * * *
The goblin hits you but does no damage. The goblin barely misses you.
You closely miss the goblin. x2; You miss the goblin.
The goblin closely misses you. You furiously retaliate!
You headbutt the goblin, but do no damage.
The goblin misses you. The goblin closely misses you. You furiously retaliate!
You headbutt the goblin.
As you read the scroll of fear, it crumbles to dust.
You assume a fearsome visage.
The goblin looks frightened! x4
Okay, then.
Things that are here:
a +0 dagger; a goblin corpse
Found 9 gold pieces.
The goblin hits you with a +0 club.
You die...
Your body rises from the dead as a mindless zombie.

###### #####
#....#
.....(###§##§#
......'g§§##@#####
......##§§§g§§...#
......'.§§§#§###.#
.gg...##§#§#§#


..ggg #.#§# g... #.#.# .gg #.#)# .. ..#)# . ###)# You could see a goblin.

Vanquished Creatures
  Robin (D:3)
  4 goblins (D:3)
  2 hobgoblins (D:3)
7 creatures vanquished.

Notes
Turn   | Place    | Note
-------+----------+-------------------------------------------
     0 | D:5      | cbfl8 the Minotaur Delver began the quest for the Orb.
     0 | D:5      | Reached XP level 1. HP: 19/19 MP: 0/0
    22 | D:4      | Found a staircase to the Ecumenical Temple.
    29 | D:4      | Noticed Dowan
    31 | Temple   | Entered the Ecumenical Temple
    91 | Temple   | Became a worshipper of Yredelemnul the Dark
   350 | D:3      | Noticed Robin
   374 | D:3      | Killed Robin
   375 | D:3      | Reached XP level 2. HP: 12/27 MP: 1/1
   403 | D:3      | Slain by a goblin

Illustrated notes

Levels and vault maps discovered:
D:3:      layout_basic, ebering_ecumenical_altar_abandoned, hex_large,
          minmay_misc_feat_encased, minivault_24, uniq_jessica, uniq_robin
D:4:      layout_loops_ring, minmay_temple_entry_overgrown, uniq_duvessa,
          uniq_blork_the_orc
D:5:      layout_basic, trog_three_pillars_becter, serial_shops,
          nicolae_stop_n_shop_1, minmay_mini_ossuary, uniq_eustachio
Temple:   hc_temple_tempest_star

Action                   || total
-------------------------++-------
Melee: Hand axe          ||    11
       Headbutt          ||     2
  Use: Scroll            ||     3
Armor: Leather armour    ||     4
Dodge: Dodged            ||    15
